 Dungeon Crawl Stone Soup version 0.18.1-50-g88ac8fd (webtiles) character file.

554524 HolyRage the Executioner (level 25, -9/393 HPs)
             Began as a Deep Dwarf Fighter on Sept 22, 2016.
             Was the Champion of Makhleb.
             Killed from afar by a stone giant (40 damage)
             ... with an exploding inner flame
             ... hexed by the player character
             ... on level 5 of the Vaults on Sept 23, 2016.
             The game lasted 05:50:07 (53598 turns).

HolyRage the Executioner (Deep Dwarf Fighter)      Turns: 53598, Time: 05:50:07

Health: -9/393     AC: 32    Str: 32    XL:     25   Next: 15%
Magic:  17/17      EV:  2    Int: 11    God:    Makhleb [******]
Gold:   852        SH:  3    Dex: 20    Spells: 0 memorised, 24 levels left

rFire  . . .     SeeInvis .     M - +5 executioner's axe (freeze)
rCold  . . .     Gourm    .     (armour currently unavailable)
rNeg   + + +     Faith    .     (shield currently unavailable)
rPois  +         Spirit   .     (helmet currently unavailable)
rElec  .         Dismiss  .     (cloak currently unavailable)
rCorr  .         Reflect  +     (gloves currently unavailable)
SustAt .         Harm     .     (boots currently unavailable)
MR     +++..     Rnd*Rage +     X - +3 amulet of reflection
Stlth  +++....... NoTele   +    a - +5 ring of strength
                                R - ring of Veilobu {rPois Slay+2}

@: agile, exhausted, tree-form, very slightly contaminated, non-regenerating,
slowed, very slow, extremely resistant to hostile enchantments, fairly stealthy
A: damage resistance, recharge devices, (icy blue scales 0), berserk 2,
(deformed body), low mp 1, negative energy resistance 1, sense surroundings 3,
slow regeneration 3, subdued magic 1
a: Device Recharging, Minor Destruction, Lesser Servant of Makhleb, Major
Destruction, Greater Servant of Makhleb, Renounce Religion
}: 3/15 runes: serpentine, barnacled, slimy


You were on level 5 of the Vaults.
You worshipped Makhleb.
Makhleb was exalted by your worship.
You were hungry.
You were a tree.
You visited 10 branches of the dungeon, and saw 53 of its levels.
You visited the Abyss 1 time.
You visited 1 bazaar.
You also visited: Labyrinth and Ice Cave.

You collected 5760 gold pieces.
You spent 4908 gold pieces at shops.

Inventory:

Hand Weapons
 i - a +2 executioner's axe of chopping
 M - a +5 executioner's axe of freezing (weapon)
Missiles
 D - 85 javelins (quivered)
Armour
 l - a +2 pair of boots (melded)
 o - a +1 pair of gloves of dexterity (melded)
 A - the +1 helmet of the Pink Corner (melded) {MR+ rCorr Str+4 SInv}
   (You found it on level 3 of the Lair of Beasts)

   It affects your strength (+4).
   It affects your resistance to hostile enchantments.
   It lets you see invisible.
   It protects you from acid and corrosion.
 G - a +2 plate armour of fire resistance (melded)
 J - a +2 cloak of poison resistance (melded)
Jewellery
 a - a +5 ring of strength (right branch)
 w - the ring "Leil" {SustAt rC+}
   (You bought it in a shop in a bazaar)

   [ring of sustain attributes]

   It sustains your strength, intelligence and dexterity.
   It protects you from cold.
 R - the ring of Veilobu (left branch) {rPois Slay+2}
   (You took it off a deep elf demonologist on level 3 of the Elven Halls)

   [ring of slaying]

   It affects your accuracy and damage with ranged weapons and melee attacks
   (+2).
   It protects you from poison.
 U - the ring of the Prince {Fire Str+2}
   (You took it off a deep elf sorcerer on level 3 of the Elven Halls)

   [ring of fire]

   It enhances your fire magic, and weakens your ice magic.
   It affects your strength (+2).
   It protects you from fire.
   It makes you vulnerable to cold.
 V - the ring "Wenot" {+Blink rElec rC+ Str+3 Slay-2}
   (You found it on level 14 of the Dungeon)

   [ring of protection from cold]

   It affects your strength (+3).
   It affects your accuracy and damage with ranged weapons and melee attacks
   (-2).
   It protects you from cold.
   It insulates you from electricity.
   It lets you blink.
 X - a +3 amulet of reflection (around neck)
Wands
 e - a wand of heal wounds (5/9)
 m - a wand of paralysis (22/24)
 s - a wand of enslavement (24/24)
 F - a wand of heal wounds (6/9)
 H - a wand of digging (14/24)
 L - a wand of disintegration (24/24)
Scrolls
 c - 3 scrolls of summoning
 g - 7 scrolls of fear
 j - 25 scrolls of teleportation
 k - 4 scrolls of blinking
 p - 7 scrolls of magic mapping
 v - 8 scrolls of identify
 y - 2 scrolls of immolation
 B - 3 scrolls of holy word
 C - 21 scrolls of remove curse
 O - 9 scrolls of enchant armour
 Z - 6 scrolls of fog
Potions
 h - 3 potions of invisibility
 n - 29 potions of curing
 q - 5 potions of cancellation
 u - 2 potions of brilliance
 x - 3 potions of ambrosia
 z - 9 potions of lignification
 I - a potion of berserk rage
 N - 4 potions of cure mutation
 P - 3 potions of flight
 S - 4 potions of agility
 T - 8 potions of heal wounds
Comestibles
 d - 3 chunks of flesh
 f - 24 bread rations
 r - 26 meat rations
 t - 16 beef jerkies
 K - 34 fruits


   Skills:
 + Level 22.7 Fighting
 * Level 26.5 Axes
 - Level 23.0 Armour
 - Level 12.0 Dodging
   Level 3.2 Shields
 - Level 10.1 Invocations
 - Level 10.0 Evocations


You had 24 spell levels left.
You didn't know any spells.

Dungeon Overview and Level Annotations

Branches:
Dungeon (15/15)            Temple (1/1) D:7            Lair (8/8) D:11
 Shoals (4/4) Lair:5        Snake (4/4) Lair:3        Slime (6/6) Lair:8
    Orc (2/2) D:9             Elf (3/3) Orc:2        Vaults (5/5) D:14
  Crypt (0/3) Vaults:2     Depths (5/5) D:15            Zot (0/5) Depths:5

Altars:
Ashenzari
Cheibriados
Dithmenos
Elyvilon
Fedhas
Gozag
Kikubaaqudgha
Makhleb
Nemelex Xobeh
Okawaru
Pakellas
Qazlal
Ru
Sif Muna
Trog
Vehumet
Xom
Yredelemnul
Zin
The Shining One
Beogh
Jiyva

Shops:
D:9 %   D:11 [!:[!   D:12 *   Orc:1 *   Orc:2 (*[(   Elf:1 ?   Elf:2 !}
Elf:3 :   Shoals:3 ?   Snake:2 ?   Vaults:1 !   Vaults:2 *   Vaults:4 %

Portals:
Hell: Lair:8 Depths:1 Depths:2 Depths:3 Depths:4 Depths:5
Abyss: Depths:1 Depths:4
Pandemonium: Depths:3
Ziggurat: Depths:3


Innate Abilities, Weirdness & Mutations

You are resistant to damage.
You can recharge devices by infusing magical energy.
You resist negative energy.
You passively map a large area around you.
You do not regenerate naturally.
((You are partially covered in icy blue scales (AC +1).))
You often lose your temper in combat.
((Armour fits poorly on your strangely shaped body.))
Your magical capacity is low (-10% MP).
Your spells are a little easier to cast, but a little less powerful.


Message History

The titan hits you but does no damage. The stone giant hits you!
* * * LOW HITPOINT WARNING * * *
The titan hits you!!!
* * * LOW HITPOINT WARNING * * *
You slice the titan!! You freeze the titan!
The titan is almost dead.
You slice the titan!! You freeze the titan!
The titan is heavily wounded.
You hit the stone giant. You freeze the stone giant.
The stone giant is heavily wounded.
The titan casts a spell at you.
The bolt of lightning hits the ettin.
The bolt of lightning hits the titan.
The titan completely resists.
The bolt of lightning hits you!
* * * LOW HITPOINT WARNING * * *
The bolt of lightning hits you!
* * * LOW HITPOINT WARNING * * *
The bolt of lightning hits the stone giant.
The stone giant explodes!
The fiery explosion engulfs you!
You die...

#(§§)[...###********************,
.§§)<§..%...,,,,,,,,,,,,,,,,,,,,,
.%§§§[<.....,,,,,,,,,,,,,,,,,,,,,
§§§)§<§.....,,,,,,,,,,,,,,,,,,,,,
§§§[§c%D%..%,,,,,,,,,,,,,,,,,,,,,
#§§OG§§EC#########**************,
.(.DpcDe..p#.CD#.#,*,,,,,*,*,*,,,
Op#.%.%#%XC#.#CCC#,*,*,*,*,*,*,*,
CC#pE%%#(#.#C#X#♣#,*,*,*,*,,,*,*,
p.#.peE#.#)#X#.#§#,,,*,*,*,*,*,*,
..*Ee..#(#.p)#p#§#,*,,,*,*,*,,,*,
,,*,,,,#.#.#...#..,*,*,,,*,,,*,*,
,,*,,,,#...#.#.#.#,*,*,*,*,*,*,*,
,,*,,,,#.#.#.#.#.#,,,*,*,,,*,*,*,
,,*,,,,#.#...#.#.#,*,*,*,*,*,*,*,
,,*,,,,#,#.#.#,..#,*,*,,,*,*,,,*,
,,*,,,,*,#.#.#,*,*,,,*,*,*,*,*,*,


You could see 3 titans, a storm dragon (inner flame) and an ettin (inner flame).

Vanquished Creatures
  the Royal Jelly (Slime:6)
  A juggernaut (Depths:2)
  Sojobo (Depths:1)
  Saint Roka (Elf:2)
  Norris (Vaults:2)
  3 golden dragons
  Nikola (Snake:3)
  Xtahua (Vaults:2)
  Jory (Vaults:2)
  7 liches
  An Ice Fiend (IceCv)
  A titan (Depths:2)
  2 deep elf blademasters
  26 acid blobs
  A quicksilver dragon (Depths:3)
  A kraken (Shoals:4)
  A sphinx (Depths:4)
  Polyphemus (Shoals:2)
  Kirke (Shoals:2)
  10 azure jellies
  A thorn hunter (Depths:3)
  3 storm dragons (Depths:5)
  A shadow dragon (Vaults:5)
  4 greater nagas (Snake:4)
  10 fire giants
  Ilsuiw (Shoals:4)
  5 tengu reavers
  Donald (Snake:3)
  A balrug (Depths:4)
  10 frost giants
  An orc warlord (Orc:1)
  Maud (Orc:1)
  8 deep elf sorcerers
  Aizul (Snake:4)
  An iron dragon (Vaults:5)
  11 vault wardens
  A draconian annihilator (Depths:5)
  4 deep elf elementalists
  A draconian zealot (Depths:5)
  A ghoul (Vaults:1)
  8 ironheart preservers
  A spriggan defender (Depths:2)
  23 very ugly things
  4 vampire knights
  17 stone giants
  3 salamander stormcallers (Vaults:3)
  A green draconian (Depths:5)
  A dire elephant (Lair:8)
  The ghost of Kronon the Fighter, a journeyman DsWn of Yredelemnul (Orc:1)
  2 yellow draconians (Depths:5)
  5 deep elf demonologists
  The ghost of HolyRage the Severer, a journeyman DDFi of Makhleb (D:13)
  8 deep elf annihilators
  2 mottled draconians (Depths:5)
  2 red draconians (Depths:5)
  A purple draconian (Depths:5)
  Snorg (Lair:4)
  7 spark wasps
  11 merfolk impalers
  8 merfolk javelineers
  9 death oozes
  10 ettins
  6 fire dragons
  9 deep elf death magi
  8 deep elf high priests
  11 yaktaur captains
  27 vault guards
  A minotaur (Lab)
  16 naga warriors
  9 great orbs of eyes
  8 ice dragons
  3 entropy weavers
  6 rakshasas
  3 spriggan air magi
  Fannar (D:11)
  5 hydras
  2 catoblepae
  A hell beast (Depths:1)
  An alligator snapping turtle (Shoals:4)
  9 anacondas
  7 centaur warriors
  16 ogre magi
  6 deep troll shamans
  3 merfolk avatars
  6 merfolk aquamancers (Shoals:4)
  2 death knights
  Erica (Orc:1)
  8 deep troll earth magi
  27 dancing weapons
  8 death yaks
  2 vampire magi
  13 naga sharpshooters
  8 shock serpents
  3 spriggan berserkers (Depths:5)
  An orc high priest (Elf:1)
  2 small abominations (Elf:3)
  26 deep elf knights
  2 salamander mystics
  19 hell knights
  Sonja (D:13)
  4 shadow wraiths
  A large abomination (Elf:3)
  A fire crab (Vaults:1)
  4 wizards
  9 sea snakes
  A sea snake (shapeshifter) (Vaults:4)
  3 flayed ghosts
  31 deep trolls
  A lindwurm (Lair:7)
  2 iron trolls
  6 giant orange brains
  A storm dragon skeleton (Depths:3)
  3 unseen horrors
  8 hill giants
  21 deep elf archers
  17 harpies
  22 ironbrand convokers
  10 naga ritualists
  9 orc knights
  5 phantasmal warriors
  Pikel (D:4)
  A tengu zombie (Vaults:4)
  10 necromancers
  6 oklob plants
  36 ugly things
  10 wolf spiders
  7 fauns (Shoals:2)
  A tengu skeleton (Vaults:4)
  3 hornets
  3 orc sorcerers
  17 griffons
  2 mana vipers (shapeshifter)
  9 salamanders
  5 shining eyes
  A frost giant zombie (Vaults:4)
  61 deep elf magi
  10 manticores
  A salamander (shapeshifter) (Vaults:3)
  36 black mambas
  12 sirens
  12 elephants
  Joseph (D:7)
  5 mana vipers
  A frost giant skeleton (Depths:3)
  9 vault sentinels
  10 cyclopes
  A sixfirhy (Lair:8)
  An elephant (shapeshifter) (Vaults:1)
  6 water nymphs
  2 ice statues (IceCv)
  A guardian serpent (shapeshifter) (Vaults:5)
  2 orange demons (Lair:8)
  A rust devil (Depths:1)
  30 naga magi
  14 spiny frogs
  An eye of devastation (Slime:1)
  2 gargoyles (Lab)
  2 stone giant skeletons (Vaults:4)
  A storm dragon simulacrum (Depths:3)
  A smoke demon (Lair:8)
  8 komodo dragons
  18 ice devils
  A rime drake (shapeshifter) (Elf:3)
  12 freezing wraiths
  52 yaktaurs
  A yaktaur zombie (Vaults:4)
  An efreet (D:13)
  2 yaktaurs (shapeshifter)
  5 rime drakes
  3 kobold demonologists
  2 tengu conjurers (Depths:1)
  4 trolls
  2 hellwings
  4 red devils
  A jumping spider (Depths:5)
  A jumping spider (shapeshifter) (Vaults:3)
  28 merfolk
  3 polar bears
  A queen bee (shapeshifter) (Vaults:1)
  25 two-headed ogres
  A tengu simulacrum (Vaults:4)
  A two-headed ogre (shapeshifter) (Vaults:1)
  2 boulder beetles (shapeshifter)
  26 blink frogs
  101 slime creatures
  4 boulder beetles
  A human simulacrum (Vaults:3)
  3 wind drakes
  14 snapping turtles
  A flying skull (Vaults:2)
  10 air elementals
  A tarantella (Vaults:4)
  2 ettin skeletons
  14 redbacks
  A spriggan (Depths:3)
  3 shadows
  5 fire elementals
  3 vampires
  15 water elementals
  2 hogs (Shoals:2)
  3 wraiths
  2 wyverns
  A hog (shapeshifter) (Vaults:3)
  69 yaks
  A steam dragon (D:12)
  16 vampire mosquitoes
  10 hippogriffs
  A basilisk (Lair:5)
  4 hungry ghosts (Lab)
  A hippogriff (shapeshifter) (Depths:4)
  5 wargs
  A yaktaur simulacrum (Vaults:4)
  2 mottled dragons
  58 nagas
  23 water moccasins
  A swamp worm (shapeshifter) (Depths:3)
  9 hell hounds
  A hell hound (shapeshifter) (Elf:1)
  2 giant eyeballs
  14 porcupines
  39 orc warriors
  6 sky beasts
  2 black bears (shapeshifter)
  An eye of draining (shapeshifter) (D:13)
  6 ice beasts
  A phantom (D:13)
  3 necrophages
  A sky beast (shapeshifter) (Vaults:2)
  A black bear (D:7)
  3 eyes of draining
  50 ogres
  A boggart (Vaults:2)
  A wasp (Depths:3)
  14 centaurs
  An elf skeleton (Vaults:4)
  3 ogres (shapeshifter)
  15 crocodiles
  A big kobold (shapeshifter) (Depths:3)
  8 big kobolds
  2 human zombies (Vaults:4)
  13 giant frogs
  3 earth elementals
  A wyvern zombie (D:14)
  2 human skeletons (Vaults:4)
  2 scorpions
  21 killer bees
  18 wights
  3 howler monkeys
  4 electric eels
  5 centaur zombies
  11 crimson imps
  A wasp zombie (D:11)
  A quasit (D:12)
  2 giant frog zombies
  Crazy Yiuf (D:4)
  7 centaur skeletons
  25 jellies
  31 orc wizards
  20 orc priests
  A giant frog skeleton (D:5)
  3 hounds
  Natasha (D:2)
  6 iguanas
  10 worker ants
  14 sheep
  4 worker ant zombies
  13 adders
  6 gnolls
  A howler monkey skeleton (D:5)
  72 river rats
  3 shadow imps
  13 white imps
  4 ufetubi (IceCv)
  3 oozes
  An adder skeleton (D:4)
  3 worms
  2 dart slugs
  9 giant geckos
  94 orcs
  A ball python (D:6)
  10 giant cockroaches
  5 goblins
  5 hobgoblins
  5 jackals
  3 quokkas
  4 bats
  A giant gecko zombie (D:7)
  7 giant newts
  23 kobolds
  A quokka skeleton (D:5)
  5 rats
  5 crawling corpses
  13 fungi
  13 plants
  5 tentacles (Shoals:4)
2344 creatures vanquished.

Vanquished Creatures (others)
  A deep elf master archer (Elf:3)
  A vault warden (Vaults:4)
  A deep elf elementalist (Elf:3)
  A war gargoyle (Vaults:5)
  2 deep elf high priests (Elf:1)
  A deep elf knight (Elf:1)
  A deep elf archer (Elf:3)
  A yaktaur (Vaults:1)
  2 slaves (D:4)
  An ogre (Orc:1)
  Blork the orc (D:4)
  A scorpion (D:4)
  An orc priest (Orc:2)
  An orc wizard (Elf:1)
  A worker ant (D:4)
  A gnoll (D:4)
  2 white imps (IceCv)
  An orc (D:4)
  37 fungi
  25 plants
  10 tentacles (Shoals:4)
  518 tentacle segments (Shoals:4)
611 creatures vanquished.

Grand Total: 2955 creatures vanquished

Notes
Turn   | Place    | Note
--------------------------------------------------------------
     0 | D:1      | HolyRage the Deep Dwarf Fighter began the quest for the Orb.
     0 | D:1      | Reached XP level 1. HP: 20/20 MP: 1/1
   135 | D:1      | Reached XP level 2. HP: 22/28 MP: 2/2
   217 | D:1      | Reached skill level 3 in Axes
   496 | D:1      | Reached XP level 3. HP: 8/34 MP: 3/3
   778 | D:2      | Found a basalt altar of Yredelemnul.
   796 | D:2      | Found a shadowy altar of Dithmenos.
   796 | D:2      | Found a blossoming altar of Fedhas.
   796 | D:2      | Found a radiant altar of Vehumet.
   982 | D:2      | Reached skill level 4 in Axes
  1052 | D:2      | Noticed Natasha
  1069 | D:2      | Killed Natasha
  1069 | D:2      | Reached XP level 4. HP: 29/42 MP: 4/4
  2042 | D:4      | Reached skill level 5 in Axes
  2049 | D:4      | Reached XP level 5. HP: 28/49 MP: 5/5
  2237 | D:4      | Noticed a slave
  2238 | D:4      | Noticed Pikel
  2238 | D:4      | Noticed a slave
  2238 | D:4      | Noticed a slave
  2238 | D:4      | Noticed a slave
  2261 | D:4      | Killed Pikel
  2261 | D:4      | Reached skill level 7 in Axes
  2261 | D:4      | Reached XP level 6. HP: 26/60 MP: 6/6
  2261 | D:4      | Reached XP level 7. HP: 29/66 MP: 7/7
  2518 | D:4      | Noticed Blork the orc
  2546 | D:4      | Killed Blork the orc
  2546 | D:4      | Reached skill level 5 in Fighting
  2752 | D:4      | Noticed Crazy Yiuf
  2757 | D:4      | Killed Crazy Yiuf
  2757 | D:4      | Reached skill level 8 in Axes
  2883 | D:5      | Entered Level 5 of the Dungeon
  3303 | D:5      | Reached XP level 8. HP: 54/75 MP: 8/8
  3461 | D:5      | Reached skill level 9 in Axes
  3844 | D:6      | Reached skill level 10 in Axes
  4225 | D:6      | Gained mutation: You passively map the area around you. [Deep Dwarf growth]
  4225 | D:6      | Reached XP level 9. HP: 52/85 MP: 7/7
  4571 | D:6      | Reached skill level 11 in Axes
  4655 | D:7      | Found a staircase to the Ecumenical Temple.
  4673 | Temple   | Entered the Ecumenical Temple
  4678 | Temple   | Became a worshipper of Makhleb the Destroyer
  4693 | D:7      | Noticed Joseph
  4731 | D:7      | Killed Joseph
  5006 | D:7      | Found a shimmering altar of Xom.
  5203 | Temple   | Reached skill level 12 in Axes
  5277 | D:7      | Reached * piety under Makhleb
  5441 | D:8      | Reached skill level 5 in Armour
  5544 | D:8      | Reached XP level 10. HP: 38/96 MP: 5/5
  5672 | D:8      | Reached ** piety under Makhleb
  5933 | D:9      | Found Xying's Food Shop.
  5995 | D:9      | Found a staircase to the Orcish Mines.
  6231 | D:9      | Found a sacrificial altar of Ru.
  6231 | D:9      | Found an opulent altar of Gozag.
  6234 | D:9      | Found a white marble altar of Elyvilon.
  6641 | D:9      | Noticed a green ugly thing
  6645 | D:10     | Entered Level 10 of the Dungeon
  7001 | D:10     | Noticed a hill giant
  7011 | D:10     | Killed a hill giant
  7160 | D:10     | Reached *** piety under Makhleb
  7723 | D:11     | Found Voaliem's Book Shoppe.
  7734 | D:11     | Found Ocoul's Distillery.
  7755 | D:11     | Noticed a cyclops
  7763 | D:11     | Killed a cyclops
  7830 | D:11     | Reached skill level 10 in Armour
  7841 | D:11     | Found a staircase to the Lair.
  7870 | D:11     | Reached XP level 11. HP: 104/106 MP: 5/5
  7924 | D:11     | Noticed a hill giant
  7933 | D:11     | Killed a hill giant
  7994 | D:11     | Noticed Fannar
  8021 | D:11     | Reached **** piety under Makhleb
  8050 | D:11     | Killed Fannar
  8150 | D:11     | Bought a potion of curing for 39 gold pieces
  8150 | D:11     | Bought a potion of curing for 39 gold pieces
  8150 | D:11     | Bought a potion of curing for 39 gold pieces
  8150 | D:11     | Bought a potion of agility for 52 gold pieces
  8150 | D:11     | Bought a potion of heal wounds for 65 gold pieces
  8150 | D:11     | Bought 2 potions of might for 104 gold pieces
  8316 | D:11     | Reached skill level 10 in Fighting
  8358 | D:11     | Noticed a four-headed hydra
  8406 | D:11     | Found Tesenwob's Armour Shop.
  8478 | Lair:1   | Entered Level 1 of the Lair of Beasts
  8514 | Lair:1   | Reached ***** piety under Makhleb
  9874 | Lair:2   | Reached skill level 13 in Axes
  9882 | Lair:2   | Reached XP level 12. HP: 116/118 MP: 5/5
 10449 | Lair:2   | Reached ****** piety under Makhleb
 10667 | Lair:3   | Found a staircase to the Snake Pit.
 10701 | Lair:3   | Reached skill level 14 in Axes
 10803 | Lair:3   | Got a crude helmet
 10823 | Lair:3   | Identified the +1 helmet of the Pink Corner {MR+ rCorr Str+4 SInv} (You found it on level 3 of the Lair of Beasts)
 11862 | Lair:4   | Noticed a death yak
 11862 | Lair:4   | Noticed a death yak
 11862 | Lair:4   | Noticed a death yak
 11863 | Lair:4   | Noticed a death yak
 11865 | Lair:4   | Noticed a death yak
 11883 | Lair:4   | Killed a death yak
 11883 | Lair:4   | Reached skill level 15 in Axes
 11891 | Lair:4   | Killed a death yak
 11897 | Lair:4   | Killed a death yak
 11903 | Lair:4   | Killed a death yak
 11910 | Lair:4   | Killed a death yak
 11920 | Lair:4   | Noticed Snorg
 11951 | Lair:4   | Killed Snorg
 11951 | Lair:4   | Reached XP level 13. HP: 67/128 MP: 6/6
 12479 | Lair:5   | Found a staircase to the Shoals.
 12921 | Lair:5   | Reached skill level 16 in Axes
 13804 | Lair:7   | Found a labyrinth entrance.
 13869 | Lab      | Entered a labyrinth
 14121 | Lab      | Found an exit through the horrors of the Abyss.
 14449 | Lab      | Reached skill level 17 in Axes
 14625 | Lab      | Noticed a minotaur
 14628 | Lab      | Killed a minotaur
 14646 | Lab      | Got a pitted ivory ring
 14652 | Lab      | Identified the ring "Feiddoli" {*Drain rPois MR+ Int+5 Stlth+} (You took it off a minotaur in a labyrinth)
 14689 | Lab      | Identified a +5 rod of shadows (12/12) (You took it off a minotaur in a labyrinth)
 14724 | Lab      | Gained mutation: You have a pair of small antennae on your head. [potion of beneficial mutation]
 14725 | Lab      | Lost mutation: You have a pair of small antennae on your head. [potion of cure mutation]
 15481 | Lair:8   | Entered Level 8 of the Lair of Beasts
 15577 | Lair:8   | Noticed a dire elephant
 15596 | Lair:8   | Killed a dire elephant
 15668 | Lair:8   | Found a viscous altar of Jiyva.
 15668 | Lair:8   | Found a staircase to the Slime Pits.
 15682 | Lair:8   | Gained mutation: You resist negative energy. [Deep Dwarf growth]
 15682 | Lair:8   | Reached XP level 14. HP: 108/139 MP: 7/7
 16038 | Lair:8   | Reached skill level 18 in Axes
 16063 | Lair:8   | Found a burning altar of Makhleb.
 16234 | Lair:8   | Found a gateway to Hell.
 17618 | Lair:5   | Reached skill level 19 in Axes
 18009 | D:11     | Found Doxebb's Distillery.
 18015 | D:11     | Bought a potion of lignification for 48 gold pieces
 18015 | D:11     | Bought a potion of agility for 64 gold pieces
 18015 | D:11     | Bought a potion of haste for 160 gold pieces
 18015 | D:11     | Bought a potion of might for 64 gold pieces
 18015 | D:11     | Bought a potion of might for 64 gold pieces
 18015 | D:11     | Bought a potion of lignification for 48 gold pieces
 18015 | D:11     | Bought a potion of agility for 64 gold pieces
 18015 | D:11     | Bought a potion of curing for 48 gold pieces
 18015 | D:11     | Bought a potion of curing for 48 gold pieces
 18015 | D:11     | Gained mutation: You have a pair of small antennae on your head. [potion of beneficial mutation]
 18016 | D:11     | Lost mutation: You have a pair of small antennae on your head. [potion of cure mutation]
 18069 | D:11     | Found Vemavuneick's Armour Shoppe.
 18073 | D:11     | Bought a +1 pair of gloves of dexterity for 181 gold pieces
 18709 | D:12     | Found Tejym's Assorted Antiques.
 19149 | D:13     | Noticed HolyRage's ghost (journeyman DDFi)
 19158 | D:13     | Killed HolyRage's ghost
 19282 | D:13     | Reached XP level 15. HP: 125/150 MP: 8/8
 19386 | D:13     | Noticed Sonja
 19614 | D:13     | Cast into level 2 of the Abyss (Sonja)
 19646 | D:13     | Escaped the Abyss
 19676 | D:13     | Killed Sonja
 19780 | D:14     | HP: 6/151 [very large slime creature (27)]
 19921 | D:14     | Reached skill level 20 in Axes
 19943 | D:14     | Got a pitted iron ring
 19949 | D:14     | Identified the ring "Wenot" {+Blink rElec rC+ Str+3 Slay-2} (You found it on level 14 of the Dungeon)
 20012 | D:14     | Found a gate to the Vaults.
 20500 | D:15     | Entered Level 15 of the Dungeon
 21234 | D:15     | Found a staircase to the Depths.
 21271 | D:15     | Found a glowing golden altar of the Shining One.
 21490 | Snake:1  | Entered Level 1 of the Snake Pit
 22734 | Snake:2  | Found Puynut's Magic Scroll Shop.
 22800 | Snake:2  | Bought a scroll of blinking for 135 gold pieces
 22800 | Snake:2  | Bought 2 scrolls of teleportation for 108 gold pieces
 22800 | Snake:2  | Bought a scroll of teleportation for 54 gold pieces
 22942 | Snake:2  | Found a frozen archway.
 22968 | IceCv    | Entered an ice cave
 23046 | IceCv    | Reached XP level 16. HP: 160/160 MP: 8/8
 23125 | IceCv    | Noticed an Ice Fiend
 23134 | IceCv    | Killed an Ice Fiend
 23134 | IceCv    | Reached skill level 15 in Fighting
 23134 | IceCv    | Reached skill level 15 in Armour
 24141 | Orc:1    | Entered Level 1 of the Orcish Mines
 24205 | Orc:1    | Noticed Kronon's ghost (journeyman DsWn)
 24225 | Orc:1    | Killed Kronon's ghost
 24285 | Orc:1    | Noticed Erica
 24299 | Orc:1    | Killed Erica
 24306 | Orc:1    | Gained mutation: You are partially covered in icy blue scales (AC +1). [potion of beneficial mutation]
 24311 | Orc:1    | Found Toph's General Store.
 24315 | Orc:1    | Noticed Maud
 24322 | Orc:1    | Killed Maud
 24764 | Orc:2    | Entered Level 2 of the Orcish Mines
 24845 | Orc:2    | Found a roughly hewn altar of Beogh.
 25077 | Orc:2    | Found a staircase to the Elven Halls.
 25304 | Orc:2    | Found Alotazxie's Antique Weapon Boutique.
 25304 | Orc:2    | Found Zoopimub's Antique Armour Emporium.
 25304 | Orc:2    | Found Yczunas's General Store.
 25304 | Orc:2    | Found Nitsiw's Weapon Shop.
 25320 | Orc:2    | Bought a potion of heal wounds for 50 gold pieces
 25320 | Orc:2    | Bought a potion of flight for 30 gold pieces
 25320 | Orc:2    | Bought 2 potions of haste for 200 gold pieces
 25320 | Orc:2    | Bought a scroll of identify for 20 gold pieces
 25560 | Elf:1    | Entered Level 1 of the Elven Halls
 25610 | Elf:1    | Found Upyc's Magic Scroll Emporium.
 25618 | Elf:1    | Bought a scroll of recharging for 123 gold pieces
 25618 | Elf:1    | Bought a scroll of enchant weapon for 97 gold pieces
 25618 | Elf:1    | Bought a scroll of remove curse for 39 gold pieces
 25618 | Elf:1    | Bought a scroll of remove curse for 39 gold pieces
 25720 | Elf:1    | Noticed a Brimstone Fiend
 26699 | Snake:2  | Reached XP level 17. HP: 133/172 MP: 9/9
 26877 | Snake:3  | Noticed Donald
 26899 | Snake:3  | Killed Donald
 26911 | Snake:3  | Noticed Nikola
 26936 | Snake:3  | Killed Nikola
 27460 | Snake:4  | Entered Level 4 of the Snake Pit
 27537 | Snake:4  | Reached skill level 21 in Axes
 28106 | Snake:4  | Noticed Aizul
 28132 | Snake:4  | Killed Aizul
 28857 | Snake:4  | Got a serpentine rune of Zot
 28974 | Snake:4  | Reached skill level 22 in Axes
 29523 | Elf:1    | Gained mutation: You passively map a large area around you. [Deep Dwarf growth]
 29523 | Elf:1    | Reached XP level 18. HP: 131/183 MP: 10/10
 30505 | Elf:2    | Found Rumoew's Gadget Boutique.
 30537 | Elf:2    | Bought a wand of paralysis (22/24) for 312 gold pieces
 30729 | Elf:2    | Noticed Saint Roka
 30752 | Elf:2    | Killed Saint Roka
 31036 | Elf:2    | Found Ripefy's Distillery.
 31043 | Elf:2    | Bought a potion of might for 60 gold pieces
 31111 | Elf:2    | Found a huge runed gate.
 31111 | Elf:2    | Found a huge runed gate.
 31112 | Elf:2    | Found a huge runed gate.
 31113 | Elf:2    | Found a huge runed gate.
 31118 | Elf:2    | Found a huge runed gate.
 31217 | Elf:2    | Reached skill level 23 in Axes
 31896 | Elf:3    | Entered Level 3 of the Elven Halls
 31943 | Elf:3    | Reached skill level 1 in Dodging
 32112 | Elf:3    | Found Boziuxel's Book Shop.
 32379 | Elf:3    | Reached skill level 5 in Dodging
 32386 | Elf:3    | Reached XP level 19. HP: 194/194 MP: 9/9
 32642 | Elf:3    | Noticed a Brimstone Fiend
 32648 | Elf:3    | Noticed a Brimstone Fiend
 32803 | Elf:3    | Got a glittering bone ring
 32805 | Elf:3    | Identified the ring of Veilobu {rPois Slay+2} (You took it off a deep elf demonologist on level 3 of the Elven Halls)
 32860 | Elf:3    | Got a wavering bronze ring
 32881 | Elf:3    | Got a bound lead ring
 32910 | Elf:3    | Identified the ring of the Prince {Fire Str+2} (You took it off a deep elf sorcerer on level 3 of the Elven Halls)
 32911 | Elf:3    | Identified the ring "Gepo" {*Corrode rF++ MP+9} (You took it off a deep elf death mage on level 3 of the Elven Halls)
 33963 | Shoals:1 | Entered Level 1 of the Shoals
 34073 | Shoals:1 | Reached skill level 10 in Dodging
 34658 | Shoals:2 | Found an ancient bone altar of Kikubaaqudgha.
 34857 | Shoals:2 | Noticed Polyphemus
 34889 | Shoals:2 | Killed Polyphemus
 34921 | Shoals:2 | Noticed Kirke
 34934 | Shoals:2 | Killed Kirke
 35433 | Shoals:3 | Found Rastiest's Magic Scroll Boutique.
 35444 | Shoals:3 | Reached skill level 1 in Evocations
 35459 | Shoals:3 | Bought a scroll of magic mapping for 63 gold pieces
 35459 | Shoals:3 | Bought a scroll of teleportation for 54 gold pieces
 35459 | Shoals:3 | Bought a scroll of acquirement for 936 gold pieces
 35459 | Shoals:3 | Bought a scroll of enchant armour for 135 gold pieces
 35459 | Shoals:3 | Bought a scroll of teleportation for 54 gold pieces
 36007 | Shoals:4 | Entered Level 4 of the Shoals
 36023 | Shoals:4 | Noticed Ilsuiw
 36033 | Shoals:4 | Reached XP level 20. HP: 206/206 MP: 12/12
 36055 | Shoals:4 | Killed Ilsuiw
 36112 | Shoals:4 | Reached skill level 5 in Evocations
 36912 | Shoals:4 | Reached skill level 10 in Evocations
 37005 | Shoals:4 | Reached skill level 1 in Invocations
 37023 | Shoals:4 | Got a barnacled rune of Zot
 37808 | Vaults:1 | Entered Level 1 of the Vaults
 37910 | Vaults:1 | Reached skill level 5 in Invocations
 38926 | Vaults:1 | Found Eqaar's Distillery.
 38941 | Vaults:1 | Bought a potion of agility for 72 gold pieces
 38941 | Vaults:1 | Bought a potion of heal wounds for 90 gold pieces
 38941 | Vaults:1 | Bought a potion of heal wounds for 90 gold pieces
 38941 | Vaults:1 | Bought a potion of cancellation for 144 gold pieces
 38941 | Vaults:1 | Bought a potion of cancellation for 144 gold pieces
 39013 | Vaults:2 | Noticed Xtahua
 39023 | Vaults:2 | Killed Xtahua
 39071 | Vaults:2 | Noticed Jory
 39085 | Vaults:2 | Killed Jory
 39085 | Vaults:2 | Reached skill level 10 in Invocations
 39087 | Vaults:2 | Reached XP level 21. HP: 216/216 MP: 18/18
 39118 | Vaults:2 | Found a staircase to the Crypt.
 39652 | Vaults:2 | Found Rafo Lig's General Store.
 39653 | Vaults:2 | Noticed Norris
 39665 | Vaults:2 | Killed Norris
 39676 | Vaults:2 | Bought a scroll of enchant armour for 165 gold pieces
 39723 | Vaults:2 | Reached skill level 24 in Axes
 41911 | Vaults:4 | Reached skill level 25 in Axes
 42070 | Vaults:4 | Reached XP level 22. HP: 195/228 MP: 19/19
 42122 | Vaults:4 | Got a slimy helmet
 42123 | Vaults:4 | Identified the +3 helmet of the Ten Orbs {rC+ MR+ Dex-2} (You found it on level 4 of the Vaults)
 42532 | Vaults:4 | Found Zuuvuis's Food Boutique.
 43466 | Depths:1 | Entered Level 1 of the Depths
 43566 | Depths:1 | Found a one-way gate to the infinite horrors of the Abyss.
 43607 | Depths:1 | Noticed Sojobo
 43652 | Depths:1 | Killed Sojobo
 43994 | Depths:1 | Reached skill level 26 in Axes
 44853 | Depths:2 | Noticed a golden dragon
 44868 | Depths:2 | Killed a golden dragon
 44919 | Depths:2 | Got a fine emerald amulet
 44922 | Depths:2 | Identified the amulet of Maahirir {Dismiss rN+ Stlth+} (You found it on level 2 of the Depths)
 44944 | Depths:2 | Noticed a juggernaut
 44960 | Depths:2 | Killed a juggernaut
 45468 | Depths:3 | Reached XP level 23. HP: 240/240 MP: 20/20
 45503 | Depths:3 | Found a gateway to a ziggurat.
 45874 | Depths:3 | Got a heavily runed pewter ring
 45879 | Depths:3 | Identified the ring "Qaript" {*Tele Str+3} (You found it on level 3 of the Depths)
 45954 | Depths:3 | Found a one-way gate leading to the halls of Pandemonium.
 47809 | Depths:4 | Identified Biwneta's Guide on Displacement and Venom (You found it on level 4 of the Depths)
 48609 | Depths:5 | Entered Level 5 of the Depths
 48726 | Depths:5 | Found a flickering gateway to a bazaar.
 48737 | Bazaar   | Entered a bazaar
 48738 | Bazaar   | Found Qazaong's Jewellery Emporium.
 48753 | Bazaar   | Found Baytu's Weapon Emporium.
 48755 | Bazaar   | Found Reij's Book Emporium.
 48791 | Bazaar   | Found Apnyeck's Food Boutique.
 48819 | Bazaar   | Bought the ring "Leil" {SustAt rC+} for 567 gold pieces
 49297 | Depths:5 | Found a gate to the Realm of Zot.
 49302 | Depths:5 | Reached XP level 24. HP: 252/252 MP: 20/20
 50505 | Slime:1  | Entered Level 1 of the Pits of Slime
 50576 | Slime:1  | Gained mutation: Armour fits poorly on your strangely shaped body. [a shining eye]
 51150 | Slime:2  | Gained mutation: You tend to lose your temper in combat. [a shining eye]
 51153 | Slime:2  | Gained mutation: Your magical capacity is low (-10% MP). [a shining eye]
 51954 | Slime:6  | Entered Level 6 of the Pits of Slime
 52003 | Slime:6  | Gained mutation: Your spells are a little easier to cast, but a little less powerful. [a shining eye]
 52006 | Slime:6  | Gained mutation: You often lose your temper in combat. [a shining eye]
 52069 | Slime:6  | Found a viscous altar of Jiyva.
 52071 | Slime:6  | Noticed the Royal Jelly
 52100 | Slime:6  | Killed the Royal Jelly
 52707 | Slime:6  | Got a slimy rune of Zot
 53531 | Vaults:5 | Entered Level 5 of the Vaults
 53539 | Vaults:5 | Reached XP level 25. HP: 262/262 MP: 17/17
 53598 | Vaults:5 | Killed from afar by a stone giant

Skill      XL: |  1  2  3  4  5  6  7  8  9 10 11 12 13 14 15 16 17 18 19 20 21 22 23 24 |
---------------+-------------------------------------------------------------------------+-----
Fighting       | 3 4 5 6 8 9 10 11 12 13 14 15 16 17 18 19 20 21 22 | 22.7
Axes           | 3 4 5 7 8 10 12 13 15 17 19 20 22 23 25 26 | 26.5
Armour         | 5 10 12 14 17 18 21 23 | 23.0
Dodging        | 5 12 | 12.0
Evocations     | 3 10 | 10.0
Invocations    | 10 | 10.1
Shields        | |  3.2

Action                   |  1- 3 |  4- 6 |  7- 9 | 10-12 | 13-15 | 16-18 | 19-21 | 22-24 | 25-27 || total
-------------------------+-------+-------+-------+-------+-------+-------+-------+-------+-------++-------
Melee: War axe           |   147 |   143 |   424 |   107 |       |       |       |       |       ||   821
       Battleaxe         |       |       |       |   630 |  1365 |     1 |       |       |       ||  1996
       Executioner's axe |       |       |       |       |       |  1467 |  1399 |  1365 |    24 ||  4255
Throw: Tomahawk          |       |       |       |     9 |       |       |       |       |       ||     9
 Abil: Device Recharging |       |       |     5 |     2 |     1 |     2 |       |       |       ||    10
Evoke: Wand              |     1 |       |    23 |     9 |     8 |    10 |     2 |     4 |       ||    57
  Use: Scroll            |     7 |     1 |     9 |    19 |    10 |     9 |    13 |    13 |     4 ||    85
       Potion            |       |       |     2 |     2 |     8 |     8 |     5 |     6 |     1 ||    32
 Stab: Fleeing           |     1 |       |       |       |       |       |       |       |       ||     1
       Held in net/web   |       |       |       |       |       |       |     2 |       |       ||     2
       Petrifying        |       |       |       |       |       |       |     2 |       |       ||     2
       Petrified         |       |       |       |       |       |       |     1 |       |       ||     1
       Distracted        |       |       |       |       |       |       |       |     1 |       ||     1
  Eat: Chunk             |     1 |     4 |    11 |    20 |    33 |    30 |    32 |    26 |       ||   157
       Fruit             |       |       |       |     2 |     5 |     1 |       |     3 |       ||    11
       Pizza             |       |       |       |       |     1 |     1 |       |     3 |       ||     5
       Royal jelly       |       |       |       |       |       |     1 |     1 |     1 |       ||     3
       Beef jerky        |       |       |       |       |       |       |       |     2 |       ||     2
Armor: Scale mail        |    64 |    52 |   142 |       |       |       |       |       |       ||   258
       Plate armour      |       |       |    49 |   446 |   858 |  1012 |   806 |   608 |    53 ||  3832
       Skin              |       |       |       |    11 |       |       |       |       |     4 ||    15
Dodge: Dodged            |    44 |    36 |   109 |   271 |   443 |   505 |   947 |   730 |    57 ||  3142
Block: Shield            |    59 |    58 |   250 |    48 |       |       |       |       |       ||   415
       Other             |       |       |       |       |       |    79 |   152 |   111 |     5 ||   347
       Reflection        |       |       |       |       |       |    18 |    19 |     7 |     2 ||    46
